 Dungeon Crawl Stone Soup version 0.28-a0-987-g8383568036 (webtiles) character file.

Game seed: 17392533011928847524

2846 Lavandula the Quickloader (level 9, -15/63 HPs)
             Began as a Naga Arcane Marksman on Dec 4, 2021.
             Was a Priest of Hepliaklqana.
             Demolished by a slime creature (17 damage)
             ... on level 8 of the Dungeon.
             The game lasted 00:18:14 (7100 turns).

Lavandula the Quickloader (Naga Arcane Marksman)    Turns: 7100, Time: 00:18:14

Health: -15/63     AC:  6    Str: 15    XL:     9   Next: 74%
Magic:  14/14      EV: 11    Int: 16    God:    Hepliaklqana [***...]
Gold:   411        SH:  0    Dex: 11    Spells: 4/14 levels left

rFire   . . .      SeeInvis +   a - +0 hand crossbow
rCold   . . .      Faith    .   (no shield)
rNeg    + . .      Spirit   .   d - +1 robe {rN+}
rPois   +          Reflect  .   (no helmet)
rElec   .          Harm     .   t - +0 cloak
rCorr   .          Rampage  .   (no gloves)
Will    +....                   (no barding)
Stlth   +.........              (no amulet)
HPRegen 0.20/turn               (no ring)
MPRegen 0.14/turn               (no ring)

@: attractive, very slow
A: reduced essence, AC +3, large, see invisible, deformed body, poison
resistance, slowness 2, spit poison 1, naga tail 1
a: Spit Poison, Renounce Religion, Recall Ancestor, Ancestor Identity,
Transference


You were on level 8 of the Dungeon.
You worshipped Hepliaklqana.
Hepliaklqana was most pleased with you.
You visited 1 branch of the dungeon, and saw 8 of its levels.

You collected 411 gold pieces.

Inventory:

Hand Weapons
 a - a +0 hand crossbow (weapon)
 i - a +1 vampiric dagger
 s - a +3 quarterstaff of chaos
Missiles
 c - 11 bolts (quivered ammo)
Armour
 d - a +1 robe of positive energy (worn)
 t - a +0 cloak (worn)
Jewellery
 o - a ring of fire
Wands
 p - a wand of polymorph (8)
Scrolls
 e - a scroll of brand weapon {unknown}
 h - 3 scrolls of noise {unknown}
 j - 7 scrolls of teleportation {unknown}
 l - 9 scrolls of identify {unknown}
 m - 5 scrolls of enchant armour {unknown}
 r - a scroll of amnesia {unknown}
 u - a scroll of silence {unknown}
 v - 2 scrolls of holy word {unknown}
 x - a scroll of blinking {unknown}
 y - 2 scrolls of fear {unknown}
 A - a scroll of immolation {unknown}
 C - a scroll of acquirement {unknown}
 E - a scroll of vulnerability {unknown}
 G - a scroll of magic mapping {unknown}
Potions
 b - 3 potions of degeneration {unknown}
 f - 2 potions of resistance {unknown}
 g - a potion of curing {unknown}
 k - 3 potions of attraction
 n - 3 potions of brilliance {unknown}
 q - a potion of mutation {unknown}
 w - a potion of lignification {unknown}
 z - 2 potions of ambrosia {unknown}
 B - a potion of berserk rage {unknown}
 D - a potion of invisibility {unknown}
 F - a potion of heal wounds {unknown}


   Skills:
 - Level 1.0 Fighting
 - Level 3.1 Staves
 - Level 10.3 Crossbows
 + Level 4.3 Dodging
 - Level 3.4 Spellcasting
 - Level 3.0 Hexes


You had 4 spell levels left.
You knew the following spells:

 Your Spells              Type           Power      Damage    Failure   Level
a - Slow                  Hex            48%        N/A       5%          1
b - Call Imp              Summ           2%         N/A       26%         2
c - Inner Flame           Hex/Fire       7%         N/A       28%         3
d - Cause Fear            Hex            6%         N/A       45%         4

Your spell library contained the following spells:

 Spells                   Type           Power      Damage    Failure   Level
 Foxfire                  Conj/Fire      8%         2x1d4     19%         1
 Magic Dart               Conj           8%         1d3       19%         1
 Portal Projectile        Hex/Tloc       14%        N/A       28%         3
 Conjure Flame            Conj/Fire      2%         6-21      47%         3
 Mephitic Cloud           Conj/Pois/Air  2%         N/A       47%         3
 Flame Wave               Conj/Fire      2%         2d4       87%         4


Dungeon Overview and Level Annotations

Branches:
Dungeon (8/15)             Temple (0/1) D:7
   Lair: D:8-11

Altars:
Hepliaklqana
Okawaru
Xom


Innate Abilities, Weirdness & Mutations

Your life essence is reduced to manifest your ancestor. (-10% HP)
Your serpentine skin is tough. (AC +3)
You have supernaturally acute eyesight. (SInv)
Armour fits poorly on your strangely shaped body.
Your system is resistant to poisons. (rPois)
You cover ground very slowly.
You can spit poison.
You have a snake-like lower body.


Message History

You shoot a bolt.
The bolt hits the slime creature but does no damage.
The slime creature is lightly wounded.
The slime creature hits you.
Fire: 15 bolts
Press: ? - help, Q - select action, (/) - cycle Shift-Dir - straight line, f/p - slime creature
Aim: a slime creature (lightly wounded, 84% to hit)
You shoot a bolt. The bolt hits the slime creature.
The slime creature is lightly wounded.
The slime creature hits you.
Fire: 14 bolts
Press: ? - help, Q - select action, (/) - cycle Shift-Dir - straight line, f/p - slime creature
Aim: a slime creature (lightly wounded, 84% to hit)
You shoot a bolt. The bolt hits the slime creature!
The slime creature is lightly wounded.
The slime creature barely misses you.
Fire: 13 bolts
Press: ? - help, Q - select action, (/) - cycle Shift-Dir - straight line, f/p - slime creature
Aim: a slime creature (lightly wounded, 84% to hit)
You shoot a bolt.
The bolt hits the slime creature but does no damage.
The slime creature is lightly wounded.
The slime creature hits you!
* * * LOW HITPOINT WARNING * * *
Fire: 12 bolts
Press: ? - help, Q - select action, (/) - cycle Shift-Dir - straight line, f/p - slime creature
Aim: a slime creature (lightly wounded, 84% to hit)
You shoot a bolt. The bolt hits the slime creature.
The slime creature is moderately wounded.
The slime creature hits you!
* * * LOW HITPOINT WARNING * * *
Unknown command.
Okay, then.
Okay, then.
Okay, then.
Okay, then.
It was a potion of attraction.
You feel attractive to monsters. The slime creature hits you!
You die...

.... #... ####
###<.>#
###.#...#
###...#...#
###.....#...#
###.......#...#
#<.......@J...+
###.......#(..#
###.....#..(#
###...#...#
###.#...#
###<.># ####


You could see a slime creature.

Vanquished Creatures
  A manticore (D:8)
  Grinder (D:3)
  A hornet (D:8)
  A black bear (D:7)
  An ice beast (D:6)
  2 sky beasts
  2 centaurs (D:7)
  An ogre (D:6)
  A kobold brigand (D:7)
  A scorpion (D:4)
  3 wights (D:6)
  A howler monkey (D:6)
  A hound (D:6)
  Natasha (thrice) (D:2 D:3)
  3 iguanas
  2 orc wizards
  2 hound skeletons (D:4)
  7 adders
  3 gnolls (D:2)
  2 white imps
  An adder skeleton (D:4)
  A worm (D:3)
  3 dart slugs
  6 orcs
  7 endoplasms
  3 giant cockroaches
  2 goblins
  12 hobgoblins
  2 jackals (D:1)
  7 kobolds
  4 quokkas
  5 ball pythons
  7 bats
  3 frilled lizards (D:1)
  2 hobgoblin zombies (D:4)
  An orc zombie (D:4)
  3 rats
108 creatures vanquished.

Vanquished Creatures (collateral kills)
  A hornet (D:7)
  Edmund (D:6)
  An orc warrior (D:7)
  A phantom (D:3)
  A water moccasin skeleton (D:6)
  A howler monkey (D:7)
  2 orc priests
  Crazy Yiuf (D:3)
  A mummy (D:4)
  A howler monkey zombie (D:6)
  An adder (D:4)
  A shadow imp (D:5)
  A white imp (D:6)
  An ufetubus (D:7)
  3 orcs
  An endoplasm (D:3)
  A kobold (D:4)
  A quokka (D:5)
  A bat (D:3)
  A hobgoblin zombie (D:4)
23 creatures vanquished.

Vanquished Creatures (others)
  3 knights
  An ancestor (D:3)
  4 fungi (D:3)
8 creatures vanquished.

Grand Total: 139 creatures vanquished

Notes
Turn   | Place    | Note
-------+----------+-------------------------------------------
     0 | D:1      | Lavandula the Naga Arcane Marksman began the quest for the
                  | Orb.
     0 | D:1      | Reached XP level 1. HP: 18/18 MP: 2/2
    53 | D:1      | Reached skill level 2 in Crossbows
   211 | D:1      | Reached XP level 2. HP: 25/25 MP: 3/3
   335 | D:1      | Learned a level 2 spell: Call Imp
   507 | D:1      | Reached skill level 3 in Crossbows
   676 | D:1      | Reached XP level 3. HP: 30/31 MP: 4/4
   868 | D:2      | Reached XP level 4. HP: 38/38 MP: 5/5
   871 | D:2      | Reached skill level 4 in Crossbows
   914 | D:2      | Noticed Natasha
   931 | D:2      | Killed Natasha
  1324 | D:2      | Reached XP level 5. HP: 38/44 MP: 6/6
  1473 | D:2      | Noticed Natasha
  1526 | D:3      | Killed Natasha
  1673 | D:3      | Found a faded altar of an unknown god.
  1682 | D:3      | Prayed at the altar of an unknown god.
  1682 | D:3      | Became a worshipper of Hepliaklqana the Forgotten
  1682 | D:3      | Reached * piety under Hepliaklqana
  1896 | D:3      | Noticed Grinder
  1899 | D:3      | Reached skill level 5 in Crossbows
  1909 | D:3      | Killed Grinder
  1910 | D:3      | Reached skill level 6 in Crossbows
  1910 | D:3      | Reached XP level 6. HP: 45/45 MP: 7/7
  1996 | D:3      | Noticed Natasha
  1998 | D:3      | Killed Natasha
  2041 | D:3      | Found a runed translucent door.
  2042 | D:3      | Noticed Crazy Yiuf
  2148 | D:3      | Killed Crazy Yiuf
  2270 | D:3      | Reached XP level 7. HP: 51/51 MP: 8/8
  2651 | D:4      | Reached skill level 7 in Crossbows
  2703 | D:4      | Learned a level 3 spell: Inner Flame
  3298 | D:4      | Reached ** piety under Hepliaklqana
  3642 | D:5      | Entered Level 5 of the Dungeon
  3715 | D:5      | Remembered your ancestor Amyrtaeus as a knight
  4335 | D:6      | Reached skill level 8 in Crossbows
  4371 | D:6      | Reached XP level 8. HP: 19/57 MP: 9/9
  4863 | D:6      | Found a large runed translucent door.
  4867 | D:6      | Found a large runed translucent door.
  4986 | D:6      | Reached skill level 9 in Crossbows
  5143 | D:6      | Noticed Edmund
  5155 | D:6      | Killed Edmund
  5396 | D:6      | Found an iron altar of Okawaru.
  5487 | D:6      | Found a shimmering altar of Xom.
  5704 | D:7      | Reached skill level 10 in Crossbows
  5879 | D:7      | Found a staircase to the Ecumenical Temple.
  5897 | D:7      | Reached XP level 9. HP: 48/63 MP: 10/10
  5902 | D:7      | Learned a level 4 spell: Cause Fear
  6184 | D:7      | Identified the +2 hunting sling of Tosk {vorpal, rC- Dex+3
                  | Stlth+}
  6277 | D:7      | Noticed a hornet
  6283 | D:7      | Killed a hornet
  6325 | D:7      | Reached *** piety under Hepliaklqana
  6330 | D:7      | Noticed a manticore
  6690 | D:8      | Noticed a hornet
  6695 | D:8      | Killed a hornet
  6695 | D:8      | Noticed a cyclops
  7083 | D:8      | Noticed a manticore
  7092 | D:8      | Killed a manticore
  7099 | D:8      | HP: 2/63 [slime creature (16)]
  7100 | D:8      | Demolished by a slime creature

Illustrated notes

Levels and vault maps discovered:
D:1:      dpeg_arrival_connections, layout_loops_ring, corexii_hall_statues_i,
          minmay_misc_feat_enclosed
D:2:      minmay_spotlight, layout_rooms, uniq_natasha
D:3:      layout_loops_ring, basic_ecumenical_altar, uniq_grinder,
          uniq_crazy_yiuf_cottage
D:4:      layout_layer_cave, chequers_serial_rivers_marsh, minmay_mini_ossuary
D:5:      layout_loops_ring
D:6:      layout_layer_cave, jmf_multi_god_temple2, minmay_misc_feat_cross,
          minmay_crystal_room, nicolae_concentric_dashed_squares_mild,
          minmay_misc_feat_rugged, kennysheep_generic_room_10, uniq_edmund
D:7:      layout_loops_ring, minmay_temple_entry_grid, lightli_corner_chamber
D:8:      minmay_diamond_stairs, layout_rooms, lair_entry_dummy,
          nicolae_take_the_stairs, minmay_alternating_orb, uniq_maggie

Skill      XL: |  1  2  3  4  5  6  7  8  9 |
---------------+----------------------------+-----
Crossbows      | 2 3 4 6 8 10 | 10.3
Spellcasting   | 3 |  3.4
Staves         | 3 |  3.1
Dodging        | 4 |  4.3
Fighting       | |  1.0
Hexes          | |  3.0

Action                   |  1- 3 |  4- 6 |  7- 9 || total
-------------------------+-------+-------+-------++-------
Melee: Dagger            |       |     8 |       ||     8
 Fire: Hand crossbow     |    46 |    81 |   227 ||   354
 Cast: Call Imp          |       |       |     1 ||     1
Invok: Ancestor Identity |       |     1 |       ||     1
       Ancestor Life: Kn |       |       |     1 ||     1
       Recall Ancestor   |       |       |     1 ||     1
 Abil: Spit Poison       |    13 |    14 |    22 ||    49
  Use: Potion            |       |       |     1 ||     1
Armor: Robe              |     4 |     7 |    18 ||    29
Dodge: Dodged            |    10 |    15 |    28 ||    53

Table legend: (Time is in decaauts)
 A = Elapsed time spent in this place.
 B = Non-inter-level travel time spent in this place.
 C = Inter-level travel time spent in this place.
 D = Time resting spent in this place.
 E = Time spent auto-exploring this place.
 F = Levels seen in this place.
 G = Mean time per level.
                   A        B        C        D        E       F      G
               +--------+--------+--------+--------+--------+-----+--------+
         Total |   8875 |   8547 |    328 |    461 |   6941 |   8 | 1109.4 |
       Dungeon |   8875 |   8547 |    328 |    461 |   6941 |   8 | 1109.4 |
               +--------+--------+--------+--------+--------+-----+--------+

Top non-repeatable levels by time:
     D:7: 1645 daAuts
     D:6: 1589 daAuts
     D:4: 1411 daAuts
     D:3: 1236 daAuts
     D:2: 1038 daAuts
     D:1: 985 daAuts
     D:5: 920 daAuts
     D:8: 47 daAuts
